 Dungeon Crawl Stone Soup version 0.27-a0-1334-g2746e35aca (webtiles) character file.

Game seed: 15905212505568655565

221 Delamore the Sneak (level 5, -13/36 HPs)
             Began as an Octopode Brigand on June 26, 2021.
             Killed by divine providence
             ... invoked by an orc priest
              (15 damage)
             ... on level 4 of the Dungeon.
             The game lasted 00:02:40 (2508 turns).

Delamore the Sneak (Octopode Brigand)               Turns: 2508, Time: 00:02:41

Health: -13/36     AC:  1    Str: 10    XL:     5   Next: 98%
Magic:  5/5        EV: 12    Int: 13    God:
Gold:   125        SH:  0    Dex: 15    Spells: 4/4 levels left

rFire    . . .     SeeInvis .   a - +2 dagger
rCold    . . .     Faith    .   (no shield)
rNeg     . . .     Spirit   .   (helmet restricted)
rPois    .         Reflect  .   d - amulet of regeneration
rElec    .         Harm     .   (no ring)
rCorr    .         Rampage  .   (no ring)
Will     .....                  (no ring)
Stlth    ++++......             (no ring)
HPRegen  1.12/turn              (no ring)
MPRegen  0.09/turn              (no ring)
                                (no ring)
                                (no ring)

@: no status effects
A: almost no armour, amphibious, 8 rings, camouflage 1, gelatinous body 1,
(nimble swimmer 1), tentacles
a: no special abilities


You were on level 4 of the Dungeon.
You visited 1 branch of the dungeon, and saw 4 of its levels.

You collected 125 gold pieces.

Inventory:

Hand Weapons
 a - a +2 dagger (weapon)
Missiles
 b - 16 poisoned darts (quivered)
 c - a curare-tipped dart
Jewellery
 d - an amulet of regeneration (around mantle)
Scrolls
 e - a scroll of blinking {unknown}
 j - a scroll of fear {unknown}
 k - a scroll of magic mapping {unknown}
 l - a scroll of teleportation {unknown}
 m - a scroll of enchant weapon {unknown}
Potions
 f - 3 potions of cancellation
 g - a potion of heal wounds {unknown}
 h - 2 potions of ambrosia
 i - a potion of lignification {unknown}
 n - a potion of curing


   Skills:
 + Level 3.4 Fighting
 * Level 4.4 Short Blades
 - Level 2.0 Throwing
 - Level 1.0 Dodging
 + Level 6.6 Stealth


You had 4 spell levels left.
You didn't know any spells.
Your spell library was empty.

Dungeon Overview and Level Annotations

Branches:
Dungeon (4/15)
 Temple: D:4-7

Altars:


Innate Abilities, Weirdness & Mutations

You cannot wear most types of armour.
You are amphibious.
You can wear up to eight rings at the same time.
Your skin changes colour to match your surroundings (Stealth+).
Your rubbery body absorbs attacks. (AC +1, EV +1)
((You are camouflaged near water. (Stealth+)))
You have tentacles for arms and can constrict up to eight enemies at once.


Message History

Your grab misses the orc priest. Your squeeze misses the orc priest.
The orc priest hits you with a +0 club.
You hit the orc priest but do no damage.
You grab the orc priest. You constrict the orc priest.
The orc priest hits you with a +0 club.
You hit the orc priest but do no damage.
You squeeze the orc priest, but do no damage.
The orc priest is lightly wounded.
You constrict the orc priest, but do no damage.
The orc priest hits you with a +0 club.
You hit the orc priest. You squeeze the orc priest.
The orc priest is heavily wounded.
You constrict the orc priest, but do no damage.
The orc priest closely misses you.
You hit the orc priest but do no damage.
The orc priest is heavily wounded.
You constrict the orc priest. The adder skeleton misses you.
You hit the orc priest but do no damage.
The orc priest is severely wounded.
You constrict the orc priest. The orc priest misses you.
An adder comes into view.
The adder hisses angrily.
You hit the orc priest but do no damage.
The orc priest is severely wounded.
You constrict the orc priest. The adder skeleton bites you.
The orc priest calls down the wrath of Beogh upon you.
Pain shoots through your body!
You are too injured to fight recklessly!
You are too injured to fight recklessly!
You are too injured to fight recklessly!
You hit the orc priest but do no damage.
The orc priest is almost dead.
You constrict the orc priest. The adder skeleton closely misses you.
The orc priest calls down the wrath of Beogh upon you.
Pain shoots through your body!
* * * LOW HITPOINT WARNING * * *
You release your grip on the orc priest.
The orc priest mumbles some strange prayers to Beogh against you.
Beogh smites you!
You die...

.............
.##............
..............
#.....S......
#............
#............
#............
#.<.@Zo......
#...[........
##..........$
##.....#####
#######


You could see an orc priest, an adder and an adder skeleton.

Vanquished Creatures
  A bullfrog skeleton (D:3)
  Natasha (thrice) (D:3)
  4 gnolls
  A worm (D:2)
  A dart slug (D:1)
  6 orcs
  5 endoplasms
  3 giant cockroaches
  5 goblins
  10 hobgoblins
  3 jackals (D:2)
  7 ball pythons
  7 bats
  2 frilled lizards
  9 kobolds
  6 rats (D:1)
73 creatures vanquished.

Notes
Turn   | Place    | Note
-------+----------+-------------------------------------------
     0 | D:1      | Delamore the Octopode Brigand began the quest for the Orb.
     0 | D:1      | Reached XP level 1. HP: 14/14 MP: 1/1
   107 | D:1      | Reached XP level 2. HP: 19/19 MP: 2/2
   628 | D:1      | Found a faded altar of an unknown god.
   657 | D:1      | Reached XP level 3. HP: 25/25 MP: 3/3
  1069 | D:1      | Reached skill level 6 in Stealth
  1069 | D:1      | Reached XP level 4. HP: 14/30 MP: 4/4
  1706 | D:3      | Noticed Natasha
  1710 | D:3      | Killed Natasha
  1711 | D:3      | Reached XP level 5. HP: 36/36 MP: 5/5
  1812 | D:3      | Noticed Natasha
  1826 | D:3      | Killed Natasha
  1831 | D:3      | Noticed Natasha
  1843 | D:3      | Killed Natasha
  2507 | D:4      | HP: 1/36 [orc priest/nerve-wracking pain (14)]
  2508 | D:4      | Killed from afar by an orc priest

Illustrated notes

Levels and vault maps discovered:
D:1:      erik_arrival_cave_to_civilisation [erik_arrival_cave_to_temple],
          layout_basic, shapermc_ecumenical_altar_totnotflames
D:2:      layout_rooms, minmay_heptomino_d4
D:3:      layout_basic, hex_intersection, kennysheep_boxes, uniq_natasha
D:4:      layout_rooms, grunt_temple_overflow_opulence, kiku_gazebo_pond_becter,
          general_overflow_altar, minmay_temple_entry_wispy

Skill      XL: |  1  2  3  4  5 |
---------------+----------------+-----
Short Blades   | 3 4 |  4.4
Stealth        | 6 |  6.6
Fighting       | 3 |  3.4
Throwing       | |  2.0
Dodging        | |  1.0

Action                   |  1- 3 |  4- 6 || total
-------------------------+-------+-------++-------
Melee: Dagger            |    57 |    88 ||   145
       Tentacles         |    10 |    17 ||    27
       Constrict         |    14 |    27 ||    41
Throw: Dart              |       |     5 ||     5
  Use: Scroll            |       |     2 ||     2
 Stab: Sleeping          |    13 |     9 ||    22
Armor: Skin              |     7 |     2 ||     9
Dodge: Dodged            |    22 |    44 ||    66

Table legend: (Time is in decaauts)
 A = Elapsed time spent in this place.
 B = Non-inter-level travel time spent in this place.
 C = Inter-level travel time spent in this place.
 D = Time resting spent in this place.
 E = Time spent auto-exploring this place.
 F = Levels seen in this place.
 G = Mean time per level.
                   A        B        C        D        E       F      G
               +--------+--------+--------+--------+--------+-----+--------+
         Total |   2517 |   2411 |    106 |     33 |   1911 |   4 |  629.2 |
       Dungeon |   2517 |   2411 |    106 |     33 |   1911 |   4 |  629.2 |
               +--------+--------+--------+--------+--------+-----+--------+

Top non-repeatable levels by time:
     D:1: 1070 daAuts
     D:3: 966 daAuts
     D:2: 459 daAuts
     D:4: 20 daAuts
